AoeStats
← ccereal

Black Forest

509971108Analyzed
2v2 RM · 3d ago on Sep 28, 2026· 62m 12s· 4 players
Game mode
Random Map
Map size
Medium (4 player)
Population
200
Speed
Normal
Resources
Standard
Victory
Conquest
Starting age
Dark Age
Ending age
Imperial Age
RankedLock teamsTeams togetherTeam positionsShared explorationLock speedFull tech treeHidden civsTurbo modeCheats
Victory
Defeat
🇫🇷 Saracens · France
1592
+12
🇫🇷 Khmer · France
1497
+16
🇲🇽 Britons · Mexico
1541
-16
🇺🇸 Poles · United States
1456
-12
ccereal
6:09 Loom
8:34 Feudal Age
9:56 Double-Bit Axe
10:42 Fletching
18:13 Castle Age
16:11 Horse Collar
20:25 Wheelbarrow
22:03 Town Watch
32:17 Imperial Age
30:16 Scale Barding Armor
30:58 Forging
30:49 Husbandry
31:47 Chain Barding Armor
31:41 Bloodlines
31:12 Light Cavalry
32:36 Hand Cart
34:10 Chemistry
33:30 Bow Saw
35:41 Plate Barding Armor
36:24 Iron Casting
35:17 Hussar
37:18 Iron Casting
39:31 Blast Furnace
43:58 Fortified Wall
56:28 Siege Engineers
Flybidi
1:18 Loom
11:36 Feudal Age
14:49 Castle Age
33:02 Imperial Age
31:32 Wheelbarrow
30:46 Double-Bit Axe
30:42 Horse Collar
31:58 Husbandry
32:09 Bloodlines
33:40 Scale Barding Armor
34:01 Gold Mining
36:32 Chain Barding Armor
38:36 Devotion
39:42 Light Cavalry
41:26 Plate Barding Armor
41:10 Hussar
42:21 Forging
42:30 Bow Saw
44:29 Iron Casting
46:33 Elite Battle Elephant
48:31 Blast Furnace
47:22 Fletching
48:45 Heavy Scorpion
49:41 Double Crossbow
50:37 Hand Cart
55:39 Caravan
56:52 Bodkin Arrow
56:57 Scale Mail Armor
59:43 Chemistry
59:04 Ballistics
60:51 Conscription
Jack Tyler
0:34 Loom
10:07 Feudal Age
10:43 Double-Bit Axe
13:34 Fletching
13:47 Stone Mining
23:08 Castle Age
23:45 Wheelbarrow
24:48 Bow Saw
24:19 Horse Collar
24:45 Husbandry
25:01 Bloodlines
27:20 Heavy Plow
29:22 Sanctity
34:49 Szlachta Privileges
36:35 Hand Cart
40:56 Imperial Age
39:04 Bodkin Arrow
40:04 Fervor
40:40 Scale Barding Armor
40:47 Forging
41:15 Light Cavalry
41:33 Cavalier
52:47 Block Printing
53:15 Crop Rotation
56:39 Winged Hussar
57:55 Chain Barding Armor
60:31 Iron Casting
62:41 Ballistics
Konstantín Rokossovski
0:38 Loom
10:22 Feudal Age
17:12 Castle Age
16:06 Double-Bit Axe
22:57 Fletching
24:32 Bodkin Arrow
25:40 Stone Mining
25:56 Gold Mining
28:33 Ballistics
32:45 Imperial Age
30:36 Padded Archer Armor
33:39 Bracer
34:51 Chemistry
36:33 Elite Longbowman
36:58 Pikeman
39:06 Forging
39:30 Halberdier
41:42 Iron Casting
47:22 Scale Mail Armor
47:50 Conscription
47:56 Leather Archer Armor
48:44 Blast Furnace
49:32 Chain Mail Armor
51:45 Plate Mail Armor
51:23 Arson
52:01 Horse Collar
53:03 Wheelbarrow
53:22 Yeomen
58:34 Leather Archer Armor
59:20 Onager
Connection lost

Rejoining the realm…

Still unreachable

The connection could not be restored.

Session expired

The server has moved on; the page needs a fresh start.